 Dungeon Crawl Stone Soup version 0.21-a0-414-gba8bdf1 (webtiles) character file.

135 Dysjunc the Sneak (level 5, -6/37 HPs)
             Began as a Gnoll Enchanter on Nov 2, 2017.
             Mangled by Bunnehwyld's ghost (9 damage)
             ... on level 3 of the Dungeon.
             The game lasted 00:10:39 (2813 turns).

Dysjunc the Sneak (Gnoll Enchanter)                 Turns: 2813, Time: 00:10:40

Health: -6/37      AC:  6    Str: 11    XL:     5   Next: 18%
Magic:  10/12      EV: 15    Int: 18    God:
Gold:   153        SH:  0    Dex: 15    Spells: 2/14 levels left

rFire    . . .     SeeInvis .   a - +1 dagger
rCold    . . .     Gourm    .   (no shield)
rNeg     . . .     Faith    .   b - +1 robe
rPois    .         Spirit   .   (no helmet)
rElec    .         Reflect  .   p - +2 cloak
rCorr    .         Harm     .   (no gloves)
MR       .....                  (no boots)
Stlth    +++.......             (no amulet)
HPRegen  0.12/turn              (no ring)
MPRegen  0.13/turn              (no ring)

@: no status effects
A: distributed training, fangs 1, strong nose
a: no special abilities


You were on level 3 of the Dungeon.
You were not hungry.

You visited 1 branch of the dungeon, and saw 3 of its levels.

You collected 153 gold pieces.

Inventory:

Hand Weapons
 a - a +1 dagger (weapon)
Missiles
 k - 3 tomahawks of returning (quivered)
 n - 118 stones
 o - 21 arrows
Armour
 b - a +1 robe (worn)
 p - a +2 cloak (worn)
Wands
 u - a wand of paralysis (8/24)
Scrolls
 e - 2 scrolls of noise
 h - a scroll of enchant armour
 l - a scroll of blinking {unknown}
 q - a scroll of amnesia {unknown}
 r - a scroll of teleportation {unknown}
 t - a scroll of immolation {unknown}
Potions
 m - a potion of invisibility
 w - a potion of curing
 x - a potion of lignification
Books
 c - a book of Maledictions

   Spells                             Type                      Level
   a - Corona                         Hexes                        1
   b - Ensorcelled Hibernation        Hexes/Ice                    2
   c - Confuse                        Hexes                        3
   d - Tukima's Dance                 Hexes                        3
   e - Dazzling Spray                 Conjuration/Hexes            3
Comestibles
 d - 3 bread rations
 f - 3 fruits
 j - a royal jelly
 s - 2 meat rations
 v - a chunk of flesh


   Skills:
 + Level 1.3 Fighting
 + Level 2.9 Short Blades
 + Level 1.3 Long Blades
 + Level 1.3 Axes
 + Level 1.3 Maces & Flails
 + Level 1.3 Polearms
 + Level 1.3 Staves
 + Level 1.3 Slings
 + Level 1.3 Bows
 + Level 1.3 Crossbows
 + Level 1.3 Throwing
 + Level 1.3 Armour
 + Level 4.7 Dodging
 + Level 6.1 Stealth
 + Level 1.3 Shields
 + Level 1.3 Unarmed Combat
 + Level 5.1 Spellcasting
 + Level 1.1 Conjurations
 + Level 5.5 Hexes
 + Level 1.1 Charms
 + Level 1.1 Summonings
 + Level 1.1 Necromancy
 + Level 1.1 Translocations
 + Level 1.1 Transmutations
 + Level 1.1 Fire Magic
 + Level 1.1 Ice Magic
 + Level 1.1 Air Magic
 + Level 1.1 Earth Magic
 + Level 1.1 Poison Magic
 + Level 1.5 Invocations
 + Level 1.3 Evocations


You had 2 spell levels left.
You knew the following spells:

 Your Spells              Type           Power        Failure   Level  Hunger
a - Corona                Hex            ###....      1%          1    None
c - Confuse               Hex            ###.....     4%          3    ##.....
q - Ensorcelled Hibernat  Hex/Ice        ###...       4%          2    #......
w - Dazzling Spray        Conj/Hex       ###...       10%         3    ##.....
x - Tukima's Dance        Hex            ###.....     4%          3    ##.....


Dungeon Overview and Level Annotations

Branches:
Dungeon (3/15)

Altars:
Uskayaw

Annotations:
D:3 Bunnehwyld's ghost, amateur TrBe


Innate Abilities, Weirdness & Mutations

Your experience applies equally to all skills.
You have very sharp teeth.
Your uncanny sense of smell can sniff out nearby items.


Message History

You barely miss Bunnehwyld's ghost. The ooze barely misses you.
Bunnehwyld's ghost hits you.
* * * LOW HITPOINT WARNING * * *
You barely miss Bunnehwyld's ghost. Your bite misses Bunnehwyld's ghost.
The ooze hits you.
* * * LOW HITPOINT WARNING * * *
You hit Bunnehwyld's ghost.
Bunnehwyld's ghost is lightly damaged.
Bunnehwyld's ghost barely misses you. The ooze hits you but does no damage.
You barely miss Bunnehwyld's ghost.
You bite Bunnehwyld's ghost, but do no damage.
Bunnehwyld's ghost is lightly damaged.
Bunnehwyld's ghost hits you.
* * * LOW HITPOINT WARNING * * *
The ooze hits you.
* * * LOW HITPOINT WARNING * * *
You hit Bunnehwyld's ghost but do no damage.
Bunnehwyld's ghost is lightly damaged.
Bunnehwyld's ghost hits you!
You die...

#,*,* #..##...#.# *,*,*
#..######.########### #,#.#*#..#
#............
**###.#..*#..##################
***,....#..*#............########
,,,,.......*#..#########.........
,,,,....%..###.# ##########
,,,,........##.###########
,,,,...........J@........#
,,,,,,...##.)##W########.#
,,,,,,,,,*##÷##..# #.# ,,,,,,,,,*
#.###.# #.# ,,,,,,,,,* #))#*.#
#.### ,,,,,,,,,* ##.##.## #...#
,,,,,,,,,* #..#..# ###.#
,,,,,,∆,,* ##.##.# #.# ,,,,,,,,,*
#W.#.# #.#


You could see Bunnehwyld's ghost and an ooze.

Vanquished Creatures
  An orc wizard (D:3)
  2 adders
  An ooze (D:1)
  3 worms (D:2)
  A dart slug (D:1)
  4 leopard geckos
  8 orcs (D:3)
  A giant cockroach (D:2)
  3 goblins
  8 hobgoblins
  4 jackals (D:3)
  A quokka (D:2)
  A ball python (D:1)
  6 bats
  8 frilled lizards
  7 kobolds
  8 rats
67 creatures vanquished.

Notes
Turn   | Place    | Note
-------+----------+-------------------------------------------
     0 | D:1      | Dysjunc the Gnoll Enchanter began the quest for the Orb.
     0 | D:1      | Reached XP level 1. HP: 13/13 MP: 6/6
   164 | D:1      | Reached XP level 2. HP: 6/19 MP: 7/7
   408 | D:1      | Learned a level 2 spell: Ensorcelled Hibernation
   996 | D:1      | Reached XP level 3. HP: 25/25 MP: 9/9
  1004 | D:1      | Reached skill level 5 in Spellcasting
  1150 | D:1      | Reached skill level 6 in Stealth
  1303 | D:2      | Reached skill level 1 in Invocations
  1711 | D:2      | Reached skill level 1 in Fighting
  1711 | D:2      | Reached skill level 1 in Long Blades
  1711 | D:2      | Reached skill level 1 in Axes
  1711 | D:2      | Reached skill level 1 in Maces & Flails
  1711 | D:2      | Reached skill level 1 in Polearms
  1711 | D:2      | Reached skill level 1 in Staves
  1711 | D:2      | Reached skill level 1 in Slings
  1711 | D:2      | Reached skill level 1 in Bows
  1711 | D:2      | Reached skill level 1 in Crossbows
  1711 | D:2      | Reached skill level 1 in Throwing
  1711 | D:2      | Reached skill level 1 in Armour
  1711 | D:2      | Reached skill level 1 in Shields
  1711 | D:2      | Reached skill level 1 in Unarmed Combat
  1711 | D:2      | Reached skill level 1 in Evocations
  1711 | D:2      | Reached XP level 4. HP: 32/32 MP: 11/11
  2318 | D:3      | Learned a level 3 spell: Tukima's Dance
  2366 | D:3      | Found a hide-covered altar of Uskayaw.
  2387 | D:3      | Learned a level 3 spell: Confuse
  2391 | D:3      | Learned a level 3 spell: Dazzling Spray
  2440 | D:3      | Reached skill level 1 in Conjurations
  2440 | D:3      | Reached skill level 1 in Charms
  2440 | D:3      | Reached skill level 1 in Summonings
  2440 | D:3      | Reached skill level 1 in Necromancy
  2440 | D:3      | Reached skill level 1 in Translocations
  2440 | D:3      | Reached skill level 1 in Transmutations
  2440 | D:3      | Reached skill level 1 in Fire Magic
  2440 | D:3      | Reached skill level 1 in Ice Magic
  2440 | D:3      | Reached skill level 1 in Air Magic
  2440 | D:3      | Reached skill level 1 in Earth Magic
  2440 | D:3      | Reached skill level 1 in Poison Magic
  2467 | D:3      | Reached XP level 5. HP: 18/37 MP: 2/12
  2683 | D:3      | Noticed Bunnehwyld's ghost (amateur TrBe)
  2813 | D:3      | Mangled by Bunnehwyld's ghost

Vault maps used:
D:1:      minmay_arrival_four_circles
D:2:      first_bread, kennysheep_generic_room_7
D:3:      lemuel_coloured_pillars_altar, lemuel_crystal_altar

Skill      XL: |  1  2  3  4 |
---------------+-------------+-----
Spellcasting   | 5 |  5.1
Stealth        | 6 |  6.1
Invocations    | 1 |  1.5
Fighting       | 1 |  1.3
Long Blades    | 1 |  1.3
Axes           | 1 |  1.3
Maces & Flails | 1 |  1.3
Polearms       | 1 |  1.3
Staves         | 1 |  1.3
Slings         | 1 |  1.3
Bows           | 1 |  1.3
Crossbows      | 1 |  1.3
Throwing       | 1 |  1.3
Armour         | 1 |  1.3
Shields        | 1 |  1.3
Unarmed Combat | 1 |  1.3
Evocations     | 1 |  1.3
Conjurations   | 1 |  1.1
Charms         | 1 |  1.1
Summonings     | 1 |  1.1
Necromancy     | 1 |  1.1
Translocations | 1 |  1.1
Transmutations | 1 |  1.1
Fire Magic     | 1 |  1.1
Ice Magic      | 1 |  1.1
Air Magic      | 1 |  1.1
Earth Magic    | 1 |  1.1
Poison Magic   | 1 |  1.1
Short Blades   | |  2.9
Dodging        | |  4.7
Hexes          | |  5.5

Action                   |  1- 3 |  4- 6 || total
-------------------------+-------+-------++-------
Melee: Dagger            |   117 |   127 ||   244
       Bite              |    10 |     9 ||    19
       Punch             |       |     1 ||     1
 Cast: Ensorcelled Hiber |     5 |     6 ||    11
       Confuse           |       |     2 ||     2
       Dazzling Spray    |       |     1 ||     1
       Corona            |       |     1 ||     1
  Use: Scroll            |       |     6 ||     6
 Stab: Sleeping          |    16 |     8 ||    24
       Distracted        |     1 |       ||     1
       Confused          |       |     1 ||     1
       Invisible         |       |     1 ||     1
  Eat: Chunk             |     3 |     3 ||     6
Armor: Robe              |    39 |    26 ||    65
Dodge: Dodged            |   104 |    97 ||   201

Table legend:
 A = Spawn XP
 B = Non-spawn XP
 C = Spawn XP percentage of total XP
 D = Spawn monster count
 E = Non-spawn monster count
 F = Spawn count percentage of total count
 G = Total turns spent on level
                    A         B        C        D         E        F      G
               +---------+---------+-------+---------+---------+-------+---------
         Total |       0 |     193 |   0.0 |       0 |      67 |   0.0 |  2813
               +---------+---------+-------+---------+---------+-------+---------
           D:1 |       0 |      49 |   0.0 |       0 |      27 |   0.0 |  1189
           D:2 |       0 |      50 |   0.0 |       0 |      22 |   0.0 |  1084
           D:3 |       0 |      94 |   0.0 |       0 |      18 |   0.0 |   540
               +---------+---------+-------+---------+---------+-------+---------
